 Dungeon Crawl Stone Soup version 0.26-a0-474-gfaca0e1de5 (webtiles) character file.

Game seed: 3713957768581002653

20493 Infinimo the Arsonist (level 12, -20/101 HPs)
             Began as a Hill Orc Fire Elementalist on July 30, 2020.
             Was an Initiate of Gozag.
             Demolished by Sutsebef's ghost (41 damage)
             ... on level 3 of the Lair of Beasts.
             The game lasted 00:30:04 (22806 turns).

Infinimo the Arsonist (Hill Orc Fire Elementalist) Turns: 22806, Time: 00:30:05

Health: -20/101    AC: 11    Str: 12    XL:     12   Next: 80%
Magic:  22/22      EV: 12    Int: 22    God:    Gozag
Gold:   1921       SH:  0    Dex: 11    Spells: 10/25 levels left

rFire    + . .     SeeInvis .   q - staff of wizardry
rCold    + . .     Faith    .   (no shield)
rNeg     . . .     Spirit   .   a - +0 robe
rPois    +         Reflect  .   x - +2 helmet {Int+3}
rElec    .         Harm     .   C - scarf {rC+ rF+}
rCorr    .                      (no gloves)
MR       .....                  b - +1 pair of boots
Stlth    ++........             z - amulet of regeneration
HPRegen  0.66/turn              w - +4 ring of protection
MPRegen  0.18/turn              p - ring of poison resistance

@: about to teleport
A: no striking features
a: Potion Petition, Call Merchant, Bribe Branch, Renounce Religion


You were on level 3 of the Lair of Beasts.
You worshipped Gozag.
Gozag was most pleased with you.
You visited 3 branches of the dungeon, and saw 14 of its levels.

You collected 2630 gold pieces.
You spent 642 gold pieces at shops.
You paid 67 gold pieces to Gozag.

Inventory:

Armour
 a - a +0 robe (worn)
 b - a +1 pair of boots (worn)
 x - a +2 helmet of intelligence (worn)
 C - a scarf of resistance (worn)
Magical Staves
 q - an uncursed staff of wizardry (weapon)
Jewellery
 f - a +6 ring of dexterity
 p - a ring of poison resistance (right hand)
 w - a +4 ring of protection (left hand)
 z - an amulet of regeneration (around neck)
Wands
 m - a wand of disintegration (30)
 o - a wand of clouds (9)
 s - a wand of iceblast (14)
Scrolls
 c - 3 scrolls of magic mapping
 h - 2 scrolls of enchant armour
 i - a scroll of brand weapon {unknown}
 j - a scroll of identify
 n - 7 scrolls of remove curse
 r - a scroll of enchant weapon
 u - a scroll of immolation {unknown}
 v - 2 scrolls of fog
 y - 5 scrolls of amnesia
 F - a scroll of fear {unknown}
Potions
 d - 6 potions of stabbing
 e - 2 potions of curing
 g - 3 potions of flight
 k - 2 potions of ambrosia
 l - a potion of invisibility
 t - a potion of brilliance
 A - 2 potions of degeneration
 B - a potion of might
 E - a potion of heal wounds


   Skills:
 + Level 8.0 Fighting
 - Level 1.5 Dodging
 - Level 1.5 Stealth
 + Level 7.0 Spellcasting
 * Level 12.4 Conjurations
 * Level 13.6 Fire Magic


You had 10 spell levels left.
You knew the following spells:

 Your Spells              Type           Power        Failure   Level
a - Foxfire               Conj/Fire      ####         1%          1
b - Sticky Flame          Conj/Fire      ######..     1%          4
c - Iskenderun's Battles  Conj           ######..     1%          5
d - Fireball              Conj/Fire      ######....   1%          5

Your spell library contained the following spells:

 Spells                   Type           Power        Failure   Level
 Conjure Flame            Conj/Fire      ######..     1%          3
 Inner Flame              Hex/Fire       #####...     1%          3
 Static Discharge         Conj/Air       #####...     1%          3
 Bolt of Magma            Conj/Fire/Erth #####.....   2%          5
 Orb of Destruction       Conj           ######....   17%         7
 Passage of Golubria      Tloc           N/A          32%         4
 Iron Shot                Conj/Erth      #####.....   36%         6
 Summon Forest            Summ/Tloc      #.........   63%         5
 Spellforged Servitor     Conj/Summ      #####.....   89%         7
 Dispersal                Tloc           #.........   99%         6


Dungeon Overview and Level Annotations

Branches:
Dungeon (10/15)            Temple (1/1) D:4            Lair (3/6) D:10
  Swamp (0/4) Lair:3        Snake (0/4) Lair:2          Orc (0/2) D:10

Altars:
Cheibriados
Dithmenos
Elyvilon
Fedhas
Gozag
Hepliaklqana
Kikubaaqudgha
Makhleb
Nemelex Xobeh
Okawaru
Qazlal
Ru
Trog
Uskayaw
Vehumet
Wu Jian
Xom
Zin
Beogh

Shops:
D:5 [   D:6 (!

Annotations:
D:10 3 runed translucent doors
Lair:3 Sutsebef's ghost, journeyman TrFi


Message History

Sutsebef's ghost laughs crazily.
Sutsebef's ghost whispers, "They're coming for you..."
Sutsebef's ghost screams, "I was like you once."
Sutsebef's ghost lets out a mournful wail.
Sutsebef's ghost hits you! Sutsebef's ghost hits you!!
Sutsebef's ghost wails, "Do you think the gods will protect you?"
Sutsebef's ghost whispers, "Soon you will have time, lots of time..."
Sutsebef's ghost whispers, "Trust me.
Just give in."
Sutsebef's ghost hits you. Sutsebef's ghost hits you!!
Sutsebef's ghost hits you.
Sutsebef's ghost feints to the left.
Sutsebef's ghost barely misses you. Sutsebef's ghost hits you!!
* * * LOW HITPOINT WARNING * * *
As you read the scroll of teleportation, it crumbles to dust.
You feel strangely unstable. Sutsebef's ghost barely misses you.
Sutsebef's ghost hits you!!!
You die...
Your body crumbles into a pile of gold.

...........## #............
.##.##.....# #...........#
..#######..###### ###..######....
..#....!#.....#.###.#...# #.....
..'≈≈≈≈$#...............# ##.#..
..#....[####.#.PP.......# #....
..####### ##.##........# #.#..
.#....>.# ####.W.....## #.#+.
.#...#..# #.##@.......# ##....
........## #..)#......## ##.....
.P#.##...# #.>.#......####......
.P......## #...#................
...##...# ##..##................
.#+##...# #...##..........##.#..
#..###..####...##..........####♣#
+.⌠..##...#...##.....§.....###.♣.
#.....##.##...##..§§§§§.....♣..♣.


You could see Sutsebef's ghost.

Vanquished Creatures
  2 hydras (Lair:3)
  3 death yaks (Lair:3)
  An unseen horror (D:10)
  Pikel (D:9)
  An ugly thing (D:9)
  A black mamba (Lair:2)
  Psyche (D:9)
  6 cane toads
  A rime drake (Lair:3)
  A centaur skeleton (D:10)
  3 komodo dragons
  A troll (D:10)
  A merfolk (D:10)
  8 hippogriffs
  3 blink frogs (Lair:3)
  A spriggan (Lair:3)
  10 yaks (Lair:2)
  Eustachio (D:4)
  Menkaure (D:7)
  6 water moccasins
  2 porcupines
  Duvessa (D:7)
  2 sky beasts
  4 ice beasts
  3 orc warriors
  2 black bears
  4 phantoms
  5 necrophages
  4 wolves (D:10)
  4 centaurs
  6 ogres
  2 crocodiles
  16 bullfrogs
  Dowan (D:7)
  A wyvern skeleton (D:8)
  3 scorpions
  A water moccasin skeleton (D:6)
  9 killer bees
  8 wights
  7 howler monkeys
  3 electric eels
  A bullfrog zombie (D:9)
  9 hounds
  2 jellies
  4 orc priests
  16 orc wizards
  A bullfrog skeleton (D:8)
  3 iguanas (Lair:3)
  5 worker ants
  A hound zombie (D:6)
  3 hound skeletons
  A worker ant zombie (D:8)
  17 adders
  A howler monkey skeleton (D:3)
  2 shadow imps
  An ooze (D:2)
  An adder zombie (D:7)
  An adder skeleton (D:8)
  4 worms
  4 dart slugs
  6 leopard geckos
  31 orcs
  2 ball pythons
  4 giant cockroaches
  18 goblins
  13 hobgoblins
  7 jackals
  10 kobolds
  3 quokkas
  A ball python skeleton (D:4)
  9 bats
  9 frilled lizards
  2 leopard gecko skeletons
  8 rats
341 creatures vanquished.

Vanquished Creatures (others)
  A centaur (D:8)
  1671 foxfires
  2 fungi (Lair:2)
  A plant (Lair:3)
1675 creatures vanquished.

Grand Total: 2016 creatures vanquished

Notes
Turn   | Place    | Note
-------+----------+-------------------------------------------
     0 | D:1      | Infinimo the Hill Orc Fire Elementalist began the quest for
                  | the Orb.
     0 | D:1      | Reached XP level 1. HP: 14/14 MP: 3/3
   330 | D:1      | Reached XP level 2. HP: 20/20 MP: 1/4
  1003 | D:1      | Reached XP level 3. HP: 21/26 MP: 0/5
  1844 | D:2      | Reached skill level 4 in Fire Magic
  2038 | D:2      | Reached XP level 4. HP: 33/33 MP: 7/7
  2758 | D:2      | Found a sacrificial altar of Ru.
  2903 | D:2      | Reached XP level 5. HP: 30/38 MP: 3/8
  5845 | D:4      | Reached skill level 5 in Fire Magic
  5963 | D:4      | Noticed Eustachio
  6068 | D:3      | Learned a level 4 spell: Sticky Flame
  6132 | D:4      | Killed Eustachio
  6132 | D:4      | Reached XP level 6. HP: 31/45 MP: 0/9
  6346 | D:4      | Found a staircase to the Ecumenical Temple.
  6429 | Temple   | Entered the Ecumenical Temple
  6755 | Temple   | Became a worshipper of Gozag Ym Sagoz the Greedy
  6892 | D:4      | Noticed a phantom
  6912 | D:4      | Killed a phantom
  6912 | D:4      | Reached skill level 6 in Fire Magic
  6912 | D:4      | Reached XP level 7. HP: 39/50 MP: 11/11
  7543 | D:4      | Found a snail-covered altar of Cheibriados.
  7658 | D:5      | Entered Level 5 of the Dungeon
  7663 | D:5      | Reached skill level 5 in Conjurations
  7787 | D:5      | Found Sehaoges's Armour Boutique.
  7970 | D:5      | Reached XP level 8. HP: 57/57 MP: 5/12
  8139 | D:5      | Reached skill level 7 in Fire Magic
  8671 | D:5      | Bought a +2 helmet of intelligence for 279 gold pieces
  8897 | D:6      | Found Raugipt's Antique Weapon Shoppe.
  8970 | D:6      | Found Purghodie's Distillery.
  8993 | D:6      | Bought a potion of curing for 33 gold pieces
  8993 | D:6      | Bought a potion of heal wounds for 55 gold pieces
  8993 | D:6      | Bought a potion of heal wounds for 55 gold pieces
  9021 | D:6      | Reached skill level 8 in Fire Magic
  9341 | D:6      | Reached XP level 9. HP: 62/62 MP: 1/15
  9442 | D:6      | Found a sparkling altar of Nemelex Xobeh.
  9754 | D:6      | Reached skill level 9 in Fire Magic
 10732 | D:6      | Bought a potion of curing for 33 gold pieces
 10732 | D:6      | Bought a potion of magic for 88 gold pieces
 10732 | D:6      | Bought a potion of lignification for 33 gold pieces
 10732 | D:6      | Bought a potion of curing for 33 gold pieces
 10732 | D:6      | Bought a potion of curing for 33 gold pieces
 11577 | D:7      | Found an iron altar of Okawaru.
 11681 | D:7      | Noticed Menkaure
 11687 | D:7      | Killed Menkaure
 11687 | D:7      | Reached skill level 1 in Fighting
 12133 | D:7      | Noticed Duvessa
 12133 | D:7      | Noticed Dowan
 12144 | D:7      | Killed Duvessa
 12169 | D:7      | Killed Dowan
 12594 | D:8      | Reached skill level 10 in Fire Magic
 12594 | D:8      | Reached XP level 10. HP: 73/73 MP: 12/17
 12791 | D:8      | Reached skill level 5 in Spellcasting
 13092 | D:8      | Found a blossoming altar of Fedhas.
 13152 | D:8      | Noticed a +0 hand axe
 13153 | D:8      | Noticed a +0 dagger
 13155 | D:8      | Found a hide-covered altar of Uskayaw.
 13987 | D:9      | Noticed Psyche
 14151 | D:9      | Killed Psyche
 15337 | D:9      | Reached skill level 11 in Fire Magic
 15623 | D:9      | Found a white marble altar of Elyvilon.
 15636 | D:9      | Noticed Pikel
 15655 | D:9      | Killed Pikel
 15655 | D:9      | Reached skill level 10 in Conjurations
 15767 | D:9      | Noticed a brown ugly thing
 15791 | D:9      | Killed a brown ugly thing
 15791 | D:9      | Reached XP level 11. HP: 21/85 MP: 12/19
 16312 | D:10     | Entered Level 10 of the Dungeon
 16374 | D:10     | Found a runed translucent gate.
 16374 | D:10     | Found a runed translucent gate.
 16374 | D:10     | Found a runed translucent gate.
 16374 | D:10     | Noticed a red ugly thing
 16374 | D:10     | Noticed a white ugly thing
 16374 | D:10     | Noticed a green ugly thing
 16375 | D:10     | Noticed a glowing orange brain
 16542 | D:10     | Reached skill level 5 in Fighting
 16707 | D:10     | Found a flagged portal.
 16752 | D:10     | Noticed an unseen horror
 16762 | D:10     | Found a roughly hewn altar of Beogh.
 16763 | D:10     | Found a staircase to the Orcish Mines.
 17148 | D:10     | Killed an unseen horror
 17284 | D:10     | Found a staircase to the Lair.
 17765 | D:10     | Reached skill level 12 in Fire Magic
 17880 | Lair:1   | Entered Level 1 of the Lair of Beasts
 18615 | Lair:1   | Identified the Disquisition on Spatial Weightlessness
 19777 | Lair:2   | Reached XP level 12. HP: 90/97 MP: 6/21
 20241 | Lair:2   | Found a staircase to the Snake Pit.
 20614 | Lair:2   | Reached skill level 13 in Fire Magic
 20927 | Lair:2   | Learned a level 5 spell: Iskenderun's Battlesphere
 20933 | Lair:2   | Learned a level 5 spell: Fireball
 20985 | Lair:3   | Noticed a death yak
 21418 | Lair:3   | Noticed a seven-headed hydra
 21729 | Lair:3   | Noticed a four-headed hydra
 21766 | Lair:3   | Killed a four-headed hydra
 21879 | Lair:3   | Found a staircase to the Swamp.
 21984 | Lair:3   | Noticed a death yak
 21984 | Lair:3   | Noticed a death yak
 22014 | Lair:3   | Killed a death yak
 22099 | Lair:3   | Killed a death yak
 22119 | Lair:3   | Killed a seven-headed hydra
 22161 | Lair:3   | Killed a death yak
 22353 | Lair:3   | Found a runed translucent door.
 22688 | Lair:3   | Noticed Sutsebef's ghost (journeyman TrFi)
 22806 | Lair:3   | Demolished by Sutsebef's ghost

Illustrated notes

Levels and vault maps discovered:
D:1:      minmay_arrival_doors, layout_loops_corners
D:2:      layout_loops_ring, nicolae_ru_great_annihilating_truth,
          nicolae_overflow_hidden_temple
D:3:      minmay_thinvault, layout_basic
D:4:      layout_loops_ring, kennysheep_little_box,
          minmay_temple_entry_mini_moons, uniq_eustachio
D:5:      layout_rooms, serial_shops, shop
D:6:      layout_basic, basic_altar, serial_shops, shop,
          nicolae_shop_waterfront, minmay_ogre_servants
D:7:      layout_cave_pools, lemuel_crystal_altar, uniq_duvessa, uniq_menkaure
D:8:      layout_basic, dancing_weapons_uskayaw, fedhas_bush_and_centaur_altar
D:9:      layout_loops_ring, lemuel_crystal_altar, uniq_pikel, uniq_psyche
D:10:     layout_basic, erik_lair_island, minmay_orc_entry_temple_small,
          enter_bailey_2, ploomutoo_gammafunk_ghost_potion_laboratory,
          moated_statue, hangedman_fish_farm
Temple:   minmay_temple_forest_path
Lair:1:   layout_gridlike, serial_bayou_shore_a
Lair:2:   layout_chaotic_city, dummy_snake_entry, roderic_carrion_pond,
          serial_bayou_shore_b, grunt_megastairs_3
Lair:3:   layout_chaotic_city, minmay_swamp_entry_reptiles,
          ebering_ghost_reflecting_pool, minivault_24,
          grunt_forest_large_clearing_hut, grunt_megastairs_4

Skill      XL: |  1  2  3  4  5  6  7  8  9 10 11 12 |
---------------+-------------------------------------+-----
Conjurations   | 2 4 5 7 8 10 11 12 | 12.4
Fire Magic     | 4 5 6 8 10 11 12 13 | 13.6
Spellcasting   | 2 3 4 5 6 7 |  7.0
Fighting       | 2 4 6 8 |  8.0
Dodging        | |  1.5
Stealth        | |  1.5

Action                   |  1- 3 |  4- 6 |  7- 9 | 10-12 || total
-------------------------+-------+-------+-------+-------++-------
Melee: Unarmed           |     3 |       |       |       ||     3
       Dagger            |     7 |       |       |       ||     7
       Staff             |       |       |    43 |    60 ||   103
 Fire: Hunting sling     |    15 |    46 |     1 |       ||    62
 Cast: Foxfire           |    83 |   213 |   324 |   465 ||  1085
       Sticky Flame      |       |     2 |    20 |    96 ||   118
       Fireball          |       |       |       |     3 ||     3
       Iskenderun's Batt |       |       |       |     2 ||     2
  Use: Scroll            |       |    15 |     3 |     8 ||    26
       Potion            |       |     1 |     5 |    10 ||    16
 Stab: Distracted        |       |       |     1 |       ||     1
Armor: Robe              |     5 |    28 |    67 |   160 ||   260
       Skin              |       |       |       |    87 ||    87
Dodge: Dodged            |    16 |    93 |   135 |   241 ||   485

Table legend: (Time is in decaauts)
 A = Elapsed time spent in this place.
 B = Non-inter-level travel time spent in this place.
 C = Inter-level travel time spent in this place.
 D = Time resting spent in this place.
 E = Time spent auto-exploring this place.
 F = Levels seen in this place.
 G = Mean time per level.
                   A        B        C        D        E       F      G
               +--------+--------+--------+--------+--------+-----+--------+
         Total |  22847 |  21837 |   1010 |    932 |  17614 |  14 | 1631.9 |
       Dungeon |  17554 |  16700 |    854 |    744 |  13624 |  10 | 1755.4 |
        Temple |    348 |    304 |     44 |      0 |    301 |   1 |  348.0 |
          Lair |   4944 |   4832 |    112 |    188 |   3689 |   3 | 1648.0 |
               +--------+--------+--------+--------+--------+-----+--------+

Top non-repeatable levels by time:
     D:6: 2550 daAuts
     D:3: 2332 daAuts
     D:9: 2094 daAuts
     D:2: 1903 daAuts
  Lair:2: 1788 daAuts
     D:8: 1742 daAuts
  Lair:3: 1716 daAuts
     D:1: 1686 daAuts
    D:10: 1475 daAuts
  Lair:1: 1439 daAuts
     D:4: 1399 daAuts
     D:7: 1296 daAuts
     D:5: 1073 daAuts
  Temple: 348 daAuts
